 Dungeon Crawl Stone Soup version 0.21.1-1-g345015fe64 (webtiles) character file.

588 RepoMan the Insei (level 7, 40/57 HPs)
             Began as a White Draconian Transmuter on July 6, 2018.
             Was an Initiate of Wu Jian.
             Got out of the dungeon alive.
             The game lasted 00:16:06 (4042 turns).

RepoMan the Insei (White Draconian Transmuter)      Turns: 4042, Time: 00:16:07

Health: 40/57      AC:  8    Str: 13    XL:     7   Next: 15%
Magic:  12/12      EV: 12    Int: 13    God:    Wu Jian [......]
Gold:   275        SH:  0    Dex: 13    Spells: 6/12 levels left

rFire    . . .     SeeInvis .     - Unarmed
rCold    + . .     Gourm    .   (no shield)
rNeg     . . .     Faith    .   (armour unavailable)
rPois    .         Spirit   .   (helmet restricted)
rElec    .         Reflect  .   q - +0 cloak
rCorr    .         Harm     .   j - +0 pair of gloves
MR       .....                  (no boots)
Stlth    +.........             (no amulet)
HPRegen  0.19/turn              (no ring)
MPRegen  0.13/turn              (no ring)

@: no status effects
A: breathe frost, unfitting armour, cold resistance 1, cold-blooded, AC +6
a: Breathe Frost, Renounce Religion


You escaped.
You worshipped Wu Jian.
Wu Jian was noncommittal.
You were hungry.

You visited 2 branches of the dungeon, and saw 5 of its levels.
You also visited: Sewer.

You collected 275 gold pieces.

Inventory:

Hand Weapons
 w - the +5 trident of Shrieking Terror {freeze, Int+6, unknown}
   (You found it on level 4 of the Dungeon)

   It has been specially enchanted to freeze those struck by it, causing extra
   injury to most foes and up to half again as much damage against particularly
   susceptible opponents.
   It can also slow down cold-blooded creatures.
   It affects your intelligence (+6).
Missiles
 a - 115 arrows
Armour
 j - a +0 pair of gloves (worn)
 q - a +0 cloak (worn)
Jewellery
 d - a +6 amulet of reflection {unknown}
 l - an uncursed ring of protection from cold {unknown}
Wands
 o - a wand of clouds (4)
Scrolls
 e - 2 scrolls of identify {unknown}
 f - 3 scrolls of remove curse {unknown}
 k - 3 scrolls of teleportation {unknown}
 m - 2 scrolls of fear {unknown}
 p - a scroll of enchant armour {unknown}
 s - a scroll of random uselessness {unknown}
 u - 2 scrolls of magic mapping {unknown}
Potions
 g - a potion of mutation {unknown}
 h - a potion of haste {unknown}
 i - 3 potions of curing
 n - a potion of lignification {unknown}
 r - 3 potions of cancellation {unknown}
 t - a potion of magic {unknown}
Books
 b - a book of Changes

   Spells                             Type                      Level
   a - Beastly Appendage              Transmutation                1
   b - Sticks to Snakes               Transmutation                2
   c - Spider Form                    Transmutation/Poison         3
   d - Ice Form                       Ice/Transmutation            4
   e - Blade Hands                    Transmutation                5
Comestibles
 c - 7 rations
 v - 4 chunks of flesh


   Skills:
 + Level 3.4 Fighting
 - Level 1.7 Dodging
 * Level 5.3 Unarmed Combat
 + Level 3.4 Spellcasting
 * Level 4.8 Transmutations


You had 6 spell levels left.
You knew the following spells:

 Your Spells              Type           Power        Failure   Level  Hunger
a - Beastly Appendage     Tmut           ##....       3%          1    #......
b - Sticks to Snakes      Tmut           ##......     4%          2    ##.....
c - Spider Form           Tmut/Pois      #.........   24%         3    ###....


Dungeon Overview and Level Annotations

Branches:
Dungeon (4/15)             Temple (1/1) D:4

Altars:
Ashenzari
Cheibriados
Elyvilon
Fedhas
Gozag
Hepliaklqana
Kikubaaqudgha
Makhleb
Okawaru
Qazlal
Ru
Sif Muna
Trog
Uskayaw
Vehumet
Wu Jian
Xom


Innate Abilities, Weirdness & Mutations

You can breathe waves of freezing cold.
You can buffet flying creatures when you breathe cold.
Your icy white scales are hard. (AC +6)
You cannot fit into any form of body armour.
Your flesh is cold resistant. (rC+)
You are cold-blooded and may be slowed by cold attacks.


Message History

Your +0 pair of gloves unmelds from your body.
(D) Dungeon (T) Temple
Where to? (Enter - D:1, ? - help)
What level of the Dungeon? (default 1, ? - help)
There is a stone staircase leading up here.
Some of the chunks of flesh in your inventory have rotted away.
You climb upwards.
There is a stone staircase leading down here.
There is a stone staircase leading up here.
Magic restored.
You climb upwards.
There is a stone staircase leading down here.
You see here a club.
There is a stone staircase leading up here.
You climb upwards.
There is a stone staircase leading down here.
There is a staircase leading out of the dungeon here.
Are you sure you want to leave the Dungeon?
This will make you lose the game!
You are feeling hungry.
You have escaped!

#.########.........##.#.........#
..........................####.##
#.#.##.........##.........# #.#
#.##...........##.........####.#
........##............##.......##
#.#.....##............##.........
#.#..........................#...
.............................####
.....##.........@........##..# #
.#...##........>.........##..# #
.............................# #
###..........................# #
# #.....##............##.....# #
# #.....##............##.....# #
# ####.........##...........## #
# #.........##..........## # #
#.....................# #


There were no monsters in sight!

Vanquished Creatures
  An ogre (D:4)
  A bullfrog (Sewer)
  A hound (D:4)
  Crazy Yiuf (D:2)
  An iguana (D:4)
  Terence (D:3)
  3 worker ants
  8 adders
  3 gnolls (D:4)
  2 river rats (D:3)
  4 worms
  5 dart slugs
  7 leopard geckos
  6 orcs (D:3)
  3 ball pythons (Sewer)
  10 bats
  8 giant cockroaches
  8 goblins
  7 hobgoblins
  3 jackals (D:3)
  2 quokkas
  9 frilled lizards
  4 kobolds
  8 rats
106 creatures vanquished.

Vanquished Creatures (collateral kills)
  A worker ant (D:4)
1 creature vanquished.

Grand Total: 107 creatures vanquished

Notes
Turn   | Place    | Note
-------+----------+-------------------------------------------
     0 | D:1      | RepoMan the Draconian Transmuter began the quest for the Orb.
     0 | D:1      | Reached XP level 1. HP: 16/16 MP: 3/3
   424 | D:1      | Reached XP level 2. HP: 14/23 MP: 5/5
   433 | D:1      | Learned a level 2 spell: Sticks to Snakes
   839 | D:2      | Reached XP level 3. HP: 28/28 MP: 4/6
   894 | D:2      | Reached XP level 4. HP: 24/36 MP: 7/7
  1289 | D:2      | Learned a level 3 spell: Spider Form
  1407 | D:2      | Found a runed door.
  1411 | D:2      | Noticed Crazy Yiuf
  1420 | D:2      | HP: 1/36 [poisoned by Crazy Yiuf]
  1420 | D:2      | Killed Crazy Yiuf
  1420 | D:2      | Reached skill level 4 in Unarmed Combat
  1420 | D:2      | Reached XP level 5. HP: 1/41 MP: 6/9
  1937 | D:3      | Found a snail-covered altar of Cheibriados.
  2022 | D:3      | Noticed Terence
  2054 | D:3      | Killed Terence
  2389 | D:3      | Found a glowing drain.
  2393 | Sewer    | Entered a sewer
  2522 | Sewer    | Reached XP level 6. HP: 44/50 MP: 8/10
  3174 | D:4      | Got a warped trident
  3186 | D:4      | Found a staircase to the Ecumenical Temple.
  3190 | Temple   | Entered the Ecumenical Temple
  3253 | Temple   | Became a worshipper of the Wu Jian Council
  3664 | D:4      | Reached skill level 5 in Unarmed Combat
  3986 | D:4      | Your scales start taking on an icy white colour.
  3986 | D:4      | Reached XP level 7. HP: 30/57 MP: 9/12
  3986 | D:4      | Gained mutation: Your flesh is cold resistant. (rC+) [White Draconian growth]
  4042 | D:$      | Got out of the dungeon alive.

Skill      XL: |  1  2  3  4  5  6 |
---------------+-------------------+-----
Transmutations | 3 4 |  4.8
Fighting       | 2 3 |  3.4
Unarmed Combat | 4 5 |  5.3
Spellcasting   | 3 |  3.4
Dodging        | |  1.7

Action                   |  1- 3 |  4- 6 |  7- 9 || total
-------------------------+-------+-------+-------++-------
Melee: Unarmed           |    82 |   256 |       ||   338
       Tailslap          |     4 |    21 |       ||    25
       Headbutt          |     1 |     8 |       ||     9
       Kick              |     7 |    15 |       ||    22
       Punch             |       |     2 |       ||     2
 Cast: Beastly Appendage |    13 |    30 |       ||    43
       Spider Form       |       |    14 |       ||    14
       Sticks to Snakes  |       |     2 |       ||     2
Invok: Lunge             |       |     4 |       ||     4
  Use: Potion            |       |     1 |       ||     1
 Stab: Sleeping          |       |     1 |       ||     1
  Eat: Chunk             |       |    13 |       ||    13
Armor: Skin              |    21 |    66 |       ||    87
Dodge: Dodged            |    55 |   159 |       ||   214
